 Dungeon Crawl Stone Soup version 0.29.1-1-gd02db6906a (webtiles) character file.

Game seed: 10074854213385025068

258 Larmestyx the Purveyor of Pain (level 5, 0/41 HPs)
             Began as a Demonspawn Necromancer on Oct 4, 2022.
             Was an Initiate of Kikubaaqudgha.
             Slain by an iguana (3 damage)
             ... on level 4 of the Dungeon.
             The game lasted 00:18:01 (3774 turns).

Larmestyx the Purveyor of Pain (DsNe)               Turns: 3774, Time: 00:18:02

Health: 0/41       AC:  4    Str:  9    XL:     5   Next: 94%
Magic:  1/10       EV: 12    Int: 18    God:    Kikubaaqudgha [......]
Gold:   147        SH:  0    Dex: 13    Spells: 7/11 levels left

rFire   . . .      SeeInvis .   d - +1 hand axe (venom)
rCold   . . .      Faith    .   (no shield)
rNeg    . . .      Spirit   .   a - +0 robe
rPois   .          Reflect  .   (helmet restricted)
rElec   .          Harm     .   (no cloak)
rCorr   .          Rampage  .   r - +1 pair of gloves {infuse}
Will    +....                   (no boots)
Stlth   ++........              (no amulet)
HPRegen 0.13/turn               v - ring of willpower
MPRegen 0.12/turn               (no ring)

@: no status effects
A: horns 1, weakness stinger 1, demonic touch 1
a: Renounce Religion


You were on level 4 of the Dungeon.
You worshipped Kikubaaqudgha.
Kikubaaqudgha was noncommittal.
You visited 1 branch of the dungeon, and saw 4 of its levels.

You collected 147 gold pieces.

Inventory:

Hand Weapons
 d - a +1 hand axe of venom (weapon)
Missiles
 c - 40 stones
 p - 5 poisoned darts
Armour
 a - a +0 robe (worn)
 r - a +1 pair of gloves of infusion (worn)
Jewellery
 o - an amulet of guardian spirit
 v - a ring of willpower (left hand)
Scrolls
 e - 5 scrolls of identify {unknown}
 h - a scroll of acquirement {unknown}
 i - a scroll of noise {unknown}
 k - a scroll of summoning {unknown}
 s - a scroll of enchant armour {unknown}
 u - a scroll of teleportation {unknown}
 x - a scroll of magic mapping {unknown}
Potions
 b - a potion of magic
 f - a potion of heal wounds {unknown}
 g - a potion of might {unknown}
 j - 3 potions of curing
 l - a potion of lignification {unknown}
 m - a potion of degeneration {unknown}
 n - a potion of attraction {unknown}
 q - a potion of ambrosia {unknown}
 t - a potion of invisibility {unknown}
 w - a potion of resistance {unknown}
 z - a potion of brilliance {unknown}


   Skills:
 + Level 3.1 Fighting
 - Level 1.7 Dodging
 - Level 1.7 Stealth
 + Level 3.6 Spellcasting
 + Level 5.8 Necromancy


You had 7 spell levels left.
You knew the following spells:

 Your Spells              Type           Power      Damage    Failure   Level
a - Necrotise             Necr           96%        1d8       1%          1
b - Vampiric Draining     Necr           24%        2d7       4%          3

Your spell library contained the following spells:

 Spells                   Type           Power      Damage    Failure   Level
 Animate Dead             Necr           24%        N/A       14%         4
 Agony                    Necr           24%        N/A       36%         5


Dungeon Overview and Level Annotations

Branches:
Dungeon (4/15)
 Temple: D:4-7

Altars:
Hepliaklqana
Kikubaaqudgha
Xom


Innate Abilities, Weirdness & Mutations

You have a pair of small horns on your head.
You have a small tail.
Your touch may inflict minor irresistible damage on your foes.


Message History

You barely miss the iguana.
The endoplasm barely misses your ball python skeleton.
The iguana bites you!
Your ball python skeleton bites the iguana but does no damage.
Your ball python skeleton grabs the iguana.
Your ball python skeleton constricts the iguana.
You hit the iguana but do no damage.
You tail-slap the iguana, but do no damage.
The iguana is lightly wounded.
The iguana closely misses you.
The orc hits your ball python skeleton with a +0 hand axe!
Your ball python skeleton is destroyed!
The iguana bites you. The endoplasm freezes you.
You are frozen.
You hit the endoplasm.
You headbutt the endoplasm, but do no damage.
You tail-slap the endoplasm.
You kill the endoplasm!
Kikubaaqudgha accepts your kill.
You closely miss the iguana.
You tail-slap the iguana, but do no damage.
The iguana bites you.
You barely miss the iguana. The iguana closely misses you.
The iguana bites you.
* * * LOW HITPOINT WARNING * * *
You closely miss the iguana. You headbutt the iguana.
The iguana is moderately wounded.
The iguana bites you!
* * * LOW HITPOINT WARNING * * *
It was a potion of curing.
You feel better. The iguana barely misses you.
You hit the iguana.
The iguana is poisoned.
The iguana is heavily wounded.
The iguana bites you!
* * * LOW HITPOINT WARNING * * *
You hit the iguana but do no damage.
The iguana is heavily wounded.
The iguana bites you.
You die...
Kikubaaqudgha rasps: "You have failed me!
Welcome... death!"

#.#.# ###.##### #.#.#
#........ ###.#.#
#........
..#.#.###........
#.#.#............
#.#.#...#.#.#####
#.#.#####.#.#
####.#.......#.#
#ol@.#.#######.#
.......##...........#
###.... ###.#########
#.##. #.# .. #. #.#
#. #. #.# # #. ... .#
... ...


You could see an iguana (very poisoned) and an orc.

Vanquished Creatures
  A water moccasin (D:3)
  3 gnolls (D:2)
  5 adders
  A worm (D:2)
  2 dart slugs
  3 orcs (D:4)
  3 bats
  11 endoplasms
  3 giant cockroaches (D:2)
  3 hobgoblins
  5 jackals (D:1)
  4 quokkas
  7 ball pythons
  4 frilled lizards
  4 goblins
  7 kobolds
  7 rats
73 creatures vanquished.

Vanquished Creatures (collateral kills)
  An endoplasm (D:2)
  A jackal (D:1)
  A kobold (D:1)
  A rat (D:1)
4 creatures vanquished.

Grand Total: 77 creatures vanquished

Notes
Turn   | Place    | Note
-------+----------+-------------------------------------------
     0 | D:1      | Larmestyx the Demonspawn Necromancer began the quest for
                  | the Orb.
     0 | D:1      | Reached XP level 1. HP: 13/13 MP: 3/3
   178 | D:1      | Found a faded altar of an unknown god.
   449 | D:1      | Discovered your monstrous ancestry.
   449 | D:1      | Gained mutation: You have a pair of small horns on your
                  | head. [demonic ancestry]
   449 | D:1      | Reached XP level 2. HP: 14/20 MP: 0/5
   599 | D:1      | Reached skill level 1 in Fighting
  1252 | D:1      | Gained mutation: Your touch may inflict minor irresistible
                  | damage on your foes. [demonic ancestry]
  1252 | D:1      | Reached XP level 3. HP: 26/26 MP: 4/6
  1914 | D:2      | Reached skill level 5 in Necromancy
  1946 | D:2      | Reached XP level 4. HP: 31/33 MP: 0/8
  2526 | D:2      | Found an ancient bone altar of Kikubaaqudgha.
  2534 | D:2      | Became a worshipper of Kikubaaqudgha
  2898 | D:3      | Noticed a water moccasin
  3059 | D:3      | Gained mutation: You have a small tail. [demonic ancestry]
  3059 | D:3      | Reached XP level 5. HP: 39/39 MP: 2/9
  3130 | D:3      | Found a shimmering altar of Xom.
  3131 | D:3      | Found a hazy altar of Hepliaklqana.
  3132 | D:3      | Noticed a spectral ugly thing
  3302 | D:3      | Killed a water moccasin
  3669 | D:4      | Learned a level 3 spell: Vampiric Draining
  3774 | D:4      | Slain by an iguana

Illustrated notes

Levels and vault maps discovered:
D:1:      dreamdust_arrival_sigmund_warning, layout_basic,
          ebering_ecumenical_altar_sacrificial, columned_hall_lemuel,
          minmay_hexomino_p4
D:2:      layout_loops_cross, basic_altar
D:3:      layout_loops_cross, regret_index_temple_of_mockery
D:4:      layout_basic, minmay_pentomino_pile, uniq_duvessa

Skill      XL: |  1  2  3  4  5 |
---------------+----------------+-----
Fighting       | 1 2 3 |  3.1
Necromancy     | 5 |  5.8
Spellcasting   | 3 |  3.6
Dodging        | |  1.7
Stealth        | |  1.7

Action                   |  1- 3 |  4- 6 || total
-------------------------+-------+-------++-------
Melee: Unarmed           |    21 |       ||    21
       Hand axe          |    11 |    13 ||    24
       Punch             |     1 |       ||     1
       Headbutt          |     2 |     2 ||     4
       Touch             |       |     2 ||     2
       Tailslap          |       |     3 ||     3
 Cast: Necrotise         |    61 |    85 ||   146
  Use: Potion            |       |     1 ||     1
Armor: Robe              |     4 |     7 ||    11
Dodge: Dodged            |    27 |    18 ||    45
